 Dungeon Crawl Stone Soup version 0.20-a0-739-g6bb112f (webtiles) character file.

214 Ijustatesigmund the Conjurer (level 5, -6/33 HPs)
             Began as a Gargoyle Wizard on Feb 24, 2017.
             Mangled by a gnoll
             ... wielding a +0 halberd
              (11 damage)
             ... on level 3 of the Dungeon.
             The game lasted 00:07:13 (2204 turns).

Ijustatesigmund the Conjurer (Gargoyle Wizard)      Turns: 2204, Time: 00:07:14

Health: -6/33      AC:  9    Str: 10    XL:     5   Next: 92%
Magic:  1/18       EV: 12    Int: 20    God:
Gold:   127        SH:  0    Dex:  8    Spells: 7/10 levels left

rFire    . . .     SeeInvis .   l - +0 whip (freeze)
rCold    . . .     Gourm    .   a - +0 robe
rNeg     + . .     Faith    .   (no shield)
rPois    ∞         Spirit   .   b - +0 hat
rElec    +         Reflect  .   (no cloak)
rCorr    .         Harm     .   r - +2 pair of gloves
MR       .....                  (no boots)
Stlth    ++........             (no amulet)
Regen    0.2/turn               (no ring)
MPRegen  0.2/turn               n - ring of magical power

@: no status effects
A: negative energy resistance 1, electricity resistance, unbreathing,
petrification resistance, rot immunity, AC +4
a: no special abilities


You were on level 3 of the Dungeon.
You were not hungry.

You visited 1 branch of the dungeon, and saw 3 of its levels.

You collected 127 gold pieces.

Inventory:

Hand Weapons
 l - a +0 whip of freezing (weapon)
Armour
 a - a +0 robe (worn)
 b - a +0 hat (worn)
 r - a +2 pair of gloves (worn)
Jewellery
 n - a ring of magical power (left hand)
Potions
 e - 2 potions of mutation
 f - a potion of lignification
 i - 4 potions of flight
 p - a potion of might
 q - a potion of agility {unknown}
Books
 c - a book of Minor Magic

   Spells                             Type                      Level
   a - Magic Dart                     Conjuration                  1
   b - Blink                          Translocation                2
   c - Call Imp                       Summoning                    2
   d - Slow                           Hexes                        2
   e - Conjure Flame                  Conjuration/Fire             3
   f - Mephitic Cloud                 Conjuration/Poison/Air       3
Comestibles
 d - a bread ration
 m - a meat ration


   Skills:
 + Level 3.9 Fighting
 - Level 1.5 Dodging
 - Level 2.1 Stealth
 - Level 3.0 Spellcasting
 - Level 4.5 Conjurations
   Level 0.8 Summonings
 - Level 0.8 Translocations


You had 7 spell levels left.
You knew the following spells:

 Your Spells              Type           Power        Failure   Level  Hunger
a - Magic Dart            Conj           ###.         2%          1    None
b - Blink                 Tloc           N/A          17%         2    ##.....


Dungeon Overview and Level Annotations

Branches:
Dungeon (3/15)

Altars:


Innate Abilities, Weirdness & Mutations

You are resistant to torment.
Your stone body is resilient. (AC +4)
You are immune to poison.
You resist negative energy. (rN+)
You are resistant to electric shocks. (rElec)
You can survive without breathing.
You are immune to petrification.
You are immune to rotting.


Message History

The dart slug launches a dart at you. The slug dart misses you.
You hit the dart slug but do no damage.
The dart slug is severely wounded.
The gnoll hits you but does no damage.
You hit the dart slug. You freeze the dart slug.
You kill the dart slug!
The gnoll hits you from afar with a halberd!
Okay, then.
The gnoll closely misses you.
Things that are here:
a whip; a dart slug corpse You hit the gnoll.
You freeze the gnoll.
The gnoll is moderately wounded.
The gnoll hits you with a halberd!
* * * LOW HITPOINT WARNING * * *
You barely miss the gnoll.
The gnoll is moderately wounded.
The gnoll hits you with a halberd!
You die...

*,***,*,*,**,*,,,,,*,***,#
*,,,*,#.*,,,,*,,**,,,,,*,#
***,*,*.###.,*,,****,,,*,#
*,*,*....,,,,,,,>,,*,*,#
*,*,*,...,*,*,,,,,,,,,,#
*,*<,,..#..,********,###
*,,,,,#.#.#** *,...
**#####g#.# *####
#...)@#.# #...
#.##..#.###########...
#.##..#.#....†....'...
#.##..#.#.#########...
#.#####.#.## #...
######........†.# #...
#...............# #...
#############...# ####...
#...# #......


You could see a gnoll.

Vanquished Creatures
  A bullfrog (D:3)
  Ijyb (D:2)
  2 gnolls (D:3)
  4 adders
  3 worms
  3 dart slugs
  A leopard gecko (D:2)
  An orc (D:3)
  6 giant cockroaches
  6 goblins
  4 hobgoblins
  2 jackals (D:1)
  3 quokkas (D:2)
  A bat (D:1)
  3 frilled lizards
  5 kobolds
  9 rats
55 creatures vanquished.

Notes
Turn   | Place    | Note
-------+----------+-------------------------------------------
     0 | D:1      | Ijustatesigmund the Gargoyle Wizard began the quest for the Orb.
     0 | D:1      | Reached XP level 1. HP: 10/10 MP: 4/4
   230 | D:1      | Reached skill level 2 in Conjurations
   233 | D:1      | Reached XP level 2. HP: 15/15 MP: 0/6
   237 | D:1      | Learned a level 2 spell: Blink
   853 | D:2      | Reached skill level 3 in Conjurations
   940 | D:2      | Reached XP level 3. HP: 19/19 MP: 1/7
  1069 | D:2      | Noticed Ijyb
  1105 | D:2      | Killed Ijyb
  1105 | D:2      | Reached skill level 4 in Conjurations
  1266 | D:2      | Reached XP level 4. HP: 19/24 MP: 1/8
  1867 | D:3      | Reached skill level 1 in Fighting
  2099 | D:3      | Reached XP level 5. HP: 30/30 MP: 9/9
  2204 | D:3      | Mangled by a gnoll

Vault maps used:
D:1:      minmay_arrival_semitransparent
D:2:      uniq_iyjb

Skill      XL: |  1  2  3  4  5 |
---------------+----------------+-----
Conjurations   | 2 3 4 |  4.5
Fighting       | 2 3 |  3.9
Dodging        | |  1.5
Stealth        | |  2.1
Spellcasting   | |  3.0
Summonings     | |  0.8
Translocations | |  0.8

Action                   |  1- 3 |  4- 6 || total
-------------------------+-------+-------++-------
Melee: Unarmed           |    19 |       ||    19
       Short sword       |    20 |     1 ||    21
       Whip              |       |     6 ||     6
 Cast: Magic Dart        |    60 |    79 ||   139
  Use: Scroll            |       |    11 ||    11
  Eat: Chunk             |       |     4 ||     4
Armor: Robe              |     8 |    10 ||    18
Dodge: Dodged            |    37 |    17 ||    54
